AoeStats
← 波卡

Pilgrims

509699443Analyzed
3v3 RM · 5d ago on Sep 27, 2026· 68m 41s· 6 players
Game mode
Random Map
Map size
Normal (6 player)
Population
200
Speed
Normal
Resources
Standard
Victory
Conquest
Starting age
Dark Age
Ending age
Imperial Age
RankedLock teamsTeams togetherTeam positionsShared explorationLock speedFull tech treeHidden civsTurbo modeCheats
Victory
Defeat
🇸🇪 Khmer · Sweden
1009
+16
🇸🇪 Byzantines · Sweden
1009
+16
🇸🇪 Malians · Sweden
994
+16
🇹🇼 Jurchens · Taiwan
1027
-18
🇨🇦 Koreans · Canada
1014
-16
🇫🇷 Celts · France
961
-14
波卡
12:22 Feudal Age
14:54 Double-Bit Axe
21:46 Castle Age
21:40 Bloodlines
22:43 Loom
25:10 Bow Saw
27:35 Forging
31:15 Wheelbarrow
30:44 Gold Mining
35:27 Hand Cart
39:14 Imperial Age
37:17 Scale Barding Armor
42:01 Horse Collar
43:04 Conscription
46:25 Two-Man Saw
46:20 Heavy Rocket Cart
48:17 Chain Barding Armor
49:34 Thunderclap Bombs
52:35 Light Cavalry
55:09 Elite Steppe Lancer
58:56 Heavy Plow
60:55 Plate Barding Armor
60:56 Iron Casting
67:20 Elite Iron Pagoda
Nutteralex
9:32 Loom
11:17 Feudal Age
12:53 Double-Bit Axe
12:54 Horse Collar
14:58 Wheelbarrow
25:03 Fletching
25:29 Forging
28:17 Castle Age
29:59 Husbandry
30:06 Bodkin Arrow
30:25 Thumb Ring
31:12 Town Watch
32:29 Ballistics
33:04 Town Patrol
33:58 Masonry
42:08 Imperial Age
42:03 Hand Cart
42:09 Elite War Wagon
43:11 Conscription
43:51 Bracer
51:41 Gold Mining
51:43 Stone Mining
53:48 Chemistry
Skibidi Bop
15:06 Feudal Age
15:15 Man-at-Arms
20:26 Scale Mail Armor
20:36 Forging
22:59 Castle Age
28:28 Horse Collar
33:23 Iron Casting
33:00 Scale Barding Armor
33:44 Wheelbarrow
35:40 Hand Cart
38:52 Stone Mining
41:22 Iron Casting
50:38 Imperial Age
51:28 Cavalier
52:11 Husbandry
53:34 Blast Furnace
52:55 Chain Barding Armor
56:50 Gold Mining
60:13 Pikeman
60:39 Gambesons
60:16 Long Swordsman
64:04 Two-Handed Swordsman
alaad4
2:59 Loom
12:59 Feudal Age
17:47 Castle Age
19:32 Elite Skirmisher
25:00 Imperial Age
23:34 Double-Bit Axe
24:51 Bow Saw
24:10 Crossbowman
25:24 Arbalester
27:29 Conscription
27:36 Conscription
33:15 Fishing Lines
34:52 Murder Holes
35:02 Siege Engineers
35:49 Arson
38:17 Gold Mining
38:36 Pikeman
41:36 Hoardings
42:20 Coinage
42:22 Scale Mail Armor
42:29 Scale Barding Armor
43:48 Wheelbarrow
44:50 Gold Shaft Mining
44:40 Chain Mail Armor
46:04 Husbandry
46:15 Bloodlines
46:05 Gillnets
49:38 Parthian Tactics
49:56 Heavy Scorpion
50:56 Forging
52:28 Iron Casting
52:01 Light Cavalry
56:30 Hussar
59:45 Capped Ram
60:50 Siege Ram
62:10 Chain Barding Armor
64:01 Chemistry
63:06 Caravan
66:01 Blast Furnace
64:48 Halberdier
67:00 Hand Cart
Kingmaster.95
6:10 Loom
14:11 Feudal Age
16:07 Horse Collar
16:15 Double-Bit Axe
16:22 Gold Mining
16:44 Man-at-Arms
19:07 Scale Mail Armor
19:34 Forging
30:58 Castle Age
31:05 Pikeman
31:46 Squires
31:31 Gambesons
32:14 Stone Mining
32:29 Heavy Plow
32:42 Bow Saw
34:56 Long Swordsman
36:00 Chain Mail Armor
38:53 Wheelbarrow
43:32 Hand Cart
53:43 Imperial Age
51:47 Arson
53:47 Two-Handed Swordsman
53:58 Halberdier
54:48 Champion
59:30 Capped Ram
sese
10:28 Feudal Age
10:33 Man-at-Arms
11:00 Arson
11:27 Double-Bit Axe
11:26 Horse Collar
13:22 Arson
16:47 Fishing Lines
19:00 Forging
18:40 Fletching
24:28 Castle Age
24:18 Padded Archer Armor
25:46 Wheelbarrow
25:19 Thumb Ring
26:51 Hand Cart
26:50 Bow Saw
27:09 Gold Mining
30:39 Gold Shaft Mining
30:07 Bodkin Arrow
33:25 Heavy Plow
34:59 Leather Archer Armor
39:19 Imperial Age
40:21 Elite Gbeto
41:38 Ring Archer Armor
42:21 Ballistics
43:01 Chemistry
44:38 Stone Mining
45:31 Guard Tower
45:39 Murder Holes
53:17 Forging
53:07 Scale Mail Armor
54:21 Long Swordsman
55:01 Squires
55:24 Two-Handed Swordsman
59:58 Champion
62:19 Chain Mail Armor
62:39 Iron Casting
68:14 Town Watch
69:04 Plate Mail Armor
Connection lost

Rejoining the realm…

Still unreachable

The connection could not be restored.

Session expired

The server has moved on; the page needs a fresh start.